 Dungeon Crawl Stone Soup version 0.30-a0-571-gdf30a72648 (webtiles) character file.

Game seed: 15032850317837962184

135 Newt the Shooter (level 5, 0/35 HPs)
             Began as a Kobold Hunter on Dec 29, 2022.
             Succumbed to a goblin's poison
             ... on level 2 of the Dungeon.
             The game lasted 00:02:37 (2295 turns).

Newt the Shooter (Kobold Hunter)                    Turns: 2295, Time: 00:02:37

Health: 0/35       AC:  7    Str:  6 (7)  XL:     5   Next: 42%
Magic:  5/5        EV: 15    Int:  8 (9)  God:
Gold:   141        SH:  0    Dex: 24 (25) Spells: 4/4 levels left

rFire   . . .      SeeInvis .    a - +0 shortbow
rCold   . . .      Faith    .    (shield currently unavailable)
rNeg    . . .      Spirit   .    c - +0 leather armour
rPois   .          Reflect  .    (helmet restricted)
rElec   .          Harm     .    (no cloak)
rCorr   .          Rampage  .    (no gloves)
Will    .....                    (no boots)
Stlth   ++++                     (no amulet)
HPRegen 0.25/turn                o - +4 ring of protection
MPRegen 0.09/turn                (no ring)

@: mighty, lethally poisoned (0 -> -9), flying, hasted, invisible, very quick
A: small, no large weapons, nightstalker 3, horns 1, agile 1
a: no special abilities


You were on level 2 of the Dungeon.
You visited 1 branch of the dungeon, and saw 3 of its levels.

You collected 141 gold pieces.

Inventory:

Hand Weapons
 a - a +0 shortbow (weapon)
 h - a +0 sling
Armour
 c - a +0 leather armour (worn)
Jewellery
 d - a ring of poison resistance
 o - a +4 ring of protection (left hand)
Scrolls
 b - 3 scrolls of immolation
 e - a scroll of enchant weapon {unknown}
 f - a scroll of teleportation {unknown}
 g - a scroll of magic mapping {unknown}
 j - a scroll of butterflies {unknown}
 k - 2 scrolls of fear {unknown}
 m - a scroll of blinking {unknown}
 p - a scroll of acquirement {unknown}
 q - a scroll of fog {unknown}
 v - a scroll of identify
Potions
 i - a potion of cancellation
 n - 2 potions of attraction
 r - a potion of might


   Skills:
 - Level 5.0 Fighting
 - Level 5.3 Ranged Weapons
 + Level 3.1 Dodging
 - Level 3.0 Stealth


You had 4 spell levels left.
You didn't know any spells.
Your spell library contained the following spells:

 Spells                   Type           Power      Damage    Failure   Level
 Ensorcelled Hibernation  Hex/Ice        0%         N/A       71%         2
 Passwall                 Tmut/Erth      0%         N/A       71%         2
 Swiftness                Air            0%         N/A       90%         3


Dungeon Overview and Level Annotations

Branches:
Dungeon (3/15)

Altars:

Annotations:
D:2 Robin


Innate Abilities, Weirdness & Mutations

You are small and have problems with some larger weapons.
You are completely attuned to the shadows.
You have a pair of small horns on your head.
You are agile. (Dex +4, Str/Int -1)


Message History

Robin is lightly wounded.
You feel very sick. Robin misses you. The goblin misses you. x2
Fire: a) +0 shortbow
Press: ? - help, Q - select action Shift-Dir - straight line, f/p - Robin
Aim: Robin, wielding a +0 spear, wearing a +0 animal skin and wearing a +0 helmet (lightly wounded, 74% to hit)
You shoot an arrow. The arrow hits Robin!
Robin is severely wounded.
You feel very sick.
Robin hits you from afar with a +0 spear.
The goblin hits you with a +1 dagger of venom.
You are lethally poisoned!
The goblin barely misses you.
You feel yourself speed up.
* * * LOW HITPOINT WARNING * * *
You feel very sick. Robin barely misses you. The goblin completely misses you.
The goblin barely misses you.
It was a potion of might.
You feel very mighty all of a sudden.
* * * LOW HITPOINT WARNING * * *
You feel very sick. Robin hits you but does no damage.
The goblin hits you with a +1 dagger of venom.
* * * LOW HITPOINT WARNING * * *
The goblin completely misses you.
It was a potion of flight.
You feel very buoyant.
You fly up into the air.
* * * LOW HITPOINT WARNING * * *
You feel sick. Robin hits you but does no damage.
The goblin hits you but does no damage. x2
It was a potion of degeneration.
There was something very wrong with that liquid.
You feel weakened.
You feel dopey.
You feel clumsy.
* * * LOW HITPOINT WARNING * * *
You feel sick.
It was a potion of invisibility.
You fade into invisibility!
You die...

#.#.# #.#.###.###.#.#
#.#.#####.#.###.# #.#.#
#.#.##........#.###.#.#
#..#....#.....#..##.#.#
#.###...............#.#
##.#....#...####..#####
##.##.##...###^...^##
#.##.####.##..)....##
#.##.# ###g@^......#
#.##.# ##.g.g.....##
#.##.# #...)>......#
#.##.# #.....)....##
#....# ##...^^)...#
####.# ##.....^.## #.#
##.....## #.# ###.###
########.# #.##


You could see Robin (unable to see you) and 2 goblins.

Vanquished Creatures
  4 gnolls (D:2)
  An adder (D:2)
  5 worms (D:2)
  4 bats
  5 endoplasms
  2 giant cockroaches (D:1)
  11 goblins (D:2)
  9 hobgoblins
  6 jackals
  5 kobolds
  4 quokkas (D:1)
  3 ball pythons
  2 frilled lizards
  5 rats
66 creatures vanquished.

Vanquished Creatures (others)
  A withered plant (D:1)
1 creature vanquished.

Grand Total: 67 creatures vanquished

Notes
Turn   | Place    | Note
-------+----------+-------------------------------------------
     0 | D:1      | Newt the Kobold Hunter began the quest for the Orb.
     0 | D:1      | Reached XP level 1. HP: 12/12 MP: 1/1
    43 | D:1      | Reached XP level 2. HP: 14/17 MP: 2/2
   458 | D:1      | Found a faded altar of an unknown god.
   811 | D:1      | Reached XP level 3. HP: 22/22 MP: 3/3
  1513 | D:2      | Gained mutation: Your magical capacity is low. (-10% MP)
                  | [potion of mutation]
  1514 | D:2      | Lost mutation: Your magical capacity is low. (-10% MP)
                  | [potion of mutation]
  1514 | D:2      | Gained mutation: You have a pair of small horns on your
                  | head. [potion of mutation]
  1514 | D:2      | Gained mutation: You are agile. (Dex +4, Str/Int -1)
                  | [potion of mutation]
  1585 | D:2      | Reached XP level 4. HP: 24/29 MP: 4/4
  2026 | D:2      | Reached XP level 5. HP: 34/34 MP: 5/5
  2035 | D:2      | Reached skill level 5 in Fighting
  2246 | D:3      | Noticed Robin
  2294 | D:2      | HP: 1/35 [poisoned by a goblin]
  2295 | D:2      | Succumbed to a goblin's poison

Illustrated notes

Levels and vault maps discovered:
D:1:      ncdulo_lavacross, layout_loops_corners,
          ebering_ecumenical_altar_petrified, dk_noncrumbling_4, st_stairs_3
D:2:      cheibrodos_greedy_goblins, layout_loops_ring, nicolae_wormholes
D:3:      layout_loops_ring, mainiacjoe_overflow_alcove_2,
          makhleb_altar_promises_db, minmay_tree_intersection,
          serial_bayou_lake_a, uniq_robin, uniq_grinder

Skill      XL: |  1  2  3  4  5 |
---------------+----------------+-----
Stealth        | 2 3 |  3.0
Fighting       | 3 4 5 |  5.0
Dodging        | 3 |  3.1
Ranged Weapons | |  5.3

Action                   |  1- 3 |  4- 6 || total
-------------------------+-------+-------++-------
 Fire: Shortbow          |    83 |    84 ||   167
  Use: Scroll            |     3 |       ||     3
       Potion            |     2 |     5 ||     7
Armor: Leather armour    |    13 |    21 ||    34
Dodge: Dodged            |    46 |    60 ||   106

Table legend: (Time is in decaauts)
 A = Elapsed time spent in this place.
 B = Non-inter-level travel time spent in this place.
 C = Inter-level travel time spent in this place.
 D = Time resting spent in this place.
 E = Time spent auto-exploring this place.
 F = Levels seen in this place.
 G = Mean time per level.
                   A        B        C        D        E       F      G
               +--------+--------+--------+--------+--------+-----+--------+
         Total |   2343 |   2269 |     74 |    268 |   1683 |   3 |  781.0 |
       Dungeon |   2343 |   2269 |     74 |    268 |   1683 |   3 |  781.0 |
               +--------+--------+--------+--------+--------+-----+--------+

Top non-repeatable levels by time:
     D:1: 1387 daAuts
     D:2: 951 daAuts
     D:3: 4 daAuts
